 Dungeon Sprint DCSS version 0.24.0-13-gcf9b319 (webtiles) character file.

Game seed: 4310827348242578726, levelgen mode: deterministic

19706 2bobheroes the Brawler (level 12, -36/122 HPs)
             Began as a Troll Monk on Mar 19, 2020.
             Was the Champion of Okawaru.
             Killed from afar by Lom Lobon (69 damage)
             ... with a great icy blast
             ... in the Dungeon (Sprint I: "Red Sonja").
             The game lasted 00:33:14 (2283 turns).

2bobheroes the Brawler (Troll Monk)                 Turns: 2283, Time: 00:33:14

Health: -36/122    AC: 11    Str: 22    XL:     12   Next: 38%
Magic:  10/15      EV: 25    Int:  6    God:    Okawaru [******]
Gold:   2240       SH: 21    Dex: 16    Spells: 11/11 levels left

rFire    + . .     SeeInvis .     - Unarmed
rCold    . . .     Gourm    +   a - +0 large shield
rNeg     . . .     Faith    +   q - +0 troll leather armour
rPois    +         Spirit   .   (helmet restricted)
rElec    .         Reflect  .   D - +0 cloak {rPois}
rCorr    .         Harm     .   (gloves unavailable)
MR       .....     NoTele   +   (boots unavailable)
Stlth    ++++......             o - amulet of faith
HPRegen  1.10/turn              p - +3 ring of evasion
MPRegen  0.14/turn              L - ring of protection from fire

@: heroism, finesse, very slightly contaminated
A: large, unfitting armour, claws 3, fast metabolism 3, gourmand, regeneration
1, shaggy fur 1, tough skin 3
a: Heroism, Finesse, Renounce Religion


You were in the Dungeon.
You worshipped Okawaru.
Okawaru was exalted by your worship.
You were hungry.

You visited 1 branch You collected 4185 gold pieces.
You spent 1945 gold pieces at shops.

Inventory:

Hand Weapons
 m - a +0 short sword of distortion
 s - a +0 shortbow
Missiles
 i - 7 javelins
 l - 32 stones
 n - 9 curare-tipped darts
 t - 15 arrows
 F - 21 sling bullets
 G - 5 large rocks (quivered)
Armour
 a - a +0 large shield (worn)
 q - a +0 troll leather armour (worn)
 u - a scarf of repulsion
 D - a +0 cloak of poison resistance (worn)
 H - a scarf of resistance
 I - +0 gold dragon scales
Jewellery
 o - an amulet of faith (around neck)
 p - a +3 ring of evasion (left claw)
 K - an uncursed ring of see invisible
 L - a ring of protection from fire (right claw)
Wands
 r - a wand of acid (4)
Scrolls
 k - 2 scrolls of identify
 y - 4 scrolls of remove curse
 A - a scroll of immolation
 J - a scroll of enchant weapon
Potions
 c - 8 potions of curing
 d - 4 potions of heal wounds
 e - 2 potions of haste
 f - 2 potions of magic
 g - a potion of berserk rage
 j - 2 potions of invisibility
 x - a potion of mutation
 z - 2 potions of agility
 B - a potion of cancellation
 C - a potion of degeneration
 E - a potion of might
Miscellaneous
 v - a crystal ball of energy
 w - a phantom mirror
Comestibles
 b - 7 rations


   Skills:
 + Level 8.8(13.8) Fighting
 * Level 7.9(12.9) Throwing
 - Level 4.4(9.4) Armour
 + Level 12.2(17.2) Dodging
 - Level 4.4(9.4) Stealth
 * Level 11.9(16.9) Shields
 + Level 18.4(23.4) Unarmed Combat
 - Level 6.1 Invocations


You had 11 spell levels left.
You didn't know any spells.
Your spell library contained the following spells:

 Spells                   Type           Power        Failure   Level  Hunger
 Sandblast                Erth           #.....       50%         1    ##.....
 Passwall                 Tmut/Erth      #.......     63%         2    ###....
 Recall                   Summ/Tloc      N/A          86%         3    ####...
 Stone Arrow              Conj/Erth      #.....       86%         3    ####...
 Animate Dead             Necr           N/A          99%         4    #####..
 Petrify                  Tmut/Erth      #.......     99%         4    #####..
 Borgnjor's Vile Clutch   Necr/Erth      #.........   100%        5    ######.
 Lee's Rapid Deconstruct  Erth           #.........   100%        5    ######.
 Death Channel            Necr           #.........   100%        6    #######
 Simulacrum               Ice/Necr       #.........   100%        6    #######


Dungeon Overview and Level Annotations

Branches:
Dungeon (1/1)

Altars:
Cheibriados
Dithmenos
Elyvilon
Fedhas
Gozag
Hepliaklqana
Kikubaaqudgha
Makhleb
Nemelex Xobeh
Okawaru
Qazlal
Ru
Sif Muna
Trog
Uskayaw
Vehumet
Wu Jian
Xom
Yredelemnul
Zin
The Shining One
Jiyva
Lugonu

Shops:
D =[*(}?!=(==*!?![*=

Annotations:
D exclusion: oklob plant, Lom Lobon


Innate Abilities, Weirdness & Mutations

You are too large for most types of armour.
You have claws for hands.
Your metabolism is lightning-fast.
You like to eat raw meat.
Your natural rate of healing is unusually fast.
You are covered in fur. (AC +1)
You have extremely tough skin. (AC +3)


Message History

The ice encasing you melts away.
You hear a clap of thunder!
You hear a clap of thunder!
Something screams, "Face thy requiem, thou venomed elf-skinned gonus!"
There is an open door here.
Which direction?
As you close the door, it creaks loudly!
You start resting.
Magic restored.
You start resting.
Lom Lobon, Demon Lord of Forbidden Knowledge opens the door.
Press: ? - help, v - describe, . - travel
Here: Lom Lobon (steam, surrounded by restless winds)
The floor.
You can now deal lightning-fast blows.
Lom Lobon gestures at you.
Lom Lobon conjures a mighty blast of ice!
The great icy blast engulfs you!!!
Ouch! That really hurt!
You die...

##################**********
§§§§§.§..#^^+§§.§#,,,,,,,,,*
§.§§.##..§^^#§§§§##,,,,,,,,*
#§.§#######§#.§.§.#####,,,,*
###'#,[$##..#..§§§#...#,,,,*
#y#§##$$$#○°##.§§&#[∩)#,,,,*
###..###$#☼§§###§##...#,,,,*
..##.#A#$#§§§§§#@####'#,,,,*
..#..###$#*§§§##§#.^.§##,,,*
'##.##..$#§§§##§§§..§.§##,,*
###..#+###*§≈#§§§§§§.§§§#,,*
.###)..#P≈&*##§^...§.§.§##,*
.#.###.#M*..#§.....[.§.§.#,*
.....#.###..#......§..§§.#,*
.....#.#.'..##......§.^.##,*
..####+#.##'##........§.#,,*


You could see Lom Lobon.

Vanquished Creatures
  A golden dragon (D)
  A shadow dragon (D)
  A lorocyproca (D)
  A hydra (D)
  2 centaur warriors (D)
  Sonja (D)
  A deep troll (D)
  7 unseen horrors (D)
  A lindwurm (D)
  An oklob plant (D)
  2 merfolk sirens (D)
  A gargoyle (D)
  2 kobold demonologists (D)
  4 demonic crawlers (D)
  A hellwing (D)
  2 hornets (D)
  A slime creature (D)
  2 redbacks (D)
  Sigmund (D)
  A yak (D)
  13 hogs (D)
  3 floating eyes (D)
  An ogre (D)
  7 necrophages (D)
  8 jellies (D)
  Ijyb (D)
67 creatures vanquished.

Vanquished Creatures (others)
  A deep elf annihilator (D)
  A gargoyle (D)
  3 hornets (D)
  2 ball lightnings (D)
  2 ballistomycete spores (D)
9 creatures vanquished.

Grand Total: 76 creatures vanquished

Notes
Turn   | Place    | Note
-------+----------+-------------------------------------------
     0 | D        | 2bobheroes the Troll Monk began the quest for the Orb.
     0 | D        | Reached XP level 1. HP: 22/22 MP: 0/0
     2 | D        | Noticed Ijyb
    19 | D        | Killed Ijyb
    19 | D        | Reached skill level 6 in Unarmed Combat
    19 | D        | Reached XP level 2. HP: 15/29 MP: 1/1
    50 | D        | Noticed an ogre
    54 | D        | Killed an ogre
    54 | D        | Reached skill level 9 in Unarmed Combat
    54 | D        | Reached XP level 3. HP: 36/36 MP: 2/2
    54 | D        | Reached XP level 4. HP: 44/44 MP: 3/3
    66 | D        | Noticed Sigmund
    74 | D        | Killed Sigmund
    74 | D        | Reached skill level 5 in Dodging
    74 | D        | Reached skill level 11 in Unarmed Combat
    74 | D        | Reached XP level 5. HP: 50/50 MP: 4/4
    91 | D        | Found a shimmering blue altar of Sif Muna.
    92 | D        | Found an ornate altar of the Wu Jian Council.
    93 | D        | Found a radiant altar of Vehumet.
    99 | D        | Reached XP level 6. HP: 53/59 MP: 5/5
   106 | D        | Found Mammog's Armour Emporium.
   106 | D        | Found an ancient bone altar of Kikubaaqudgha.
   106 | D        | Found a hazy altar of Hepliaklqana.
   106 | D        | Found a stormy altar of Qazlal.
   106 | D        | Found a hide-covered altar of Uskayaw.
   106 | D        | Found a blossoming altar of Fedhas.
   106 | D        | Found a bloodstained altar of Trog.
   106 | D        | Found an iron altar of Okawaru.
   106 | D        | Found a basalt altar of Yredelemnul.
   106 | D        | Found a glowing golden altar of the Shining One.
   106 | D        | Found a snail-covered altar of Cheibriados.
   106 | D        | Found a sacrificial altar of Ru.
   106 | D        | Found a glowing silver altar of Zin.
   106 | D        | Found a shadowy altar of Dithmenos.
   106 | D        | Found a white marble altar of Elyvilon.
   106 | D        | Noticed a yak
   112 | D        | Killed a yak
   112 | D        | Reached skill level 12 in Unarmed Combat
   113 | D        | Found an opulent altar of Gozag.
   123 | D        | Found a sparkling altar of Nemelex Xobeh.
   130 | D        | Became a worshipper of Warmaster Okawaru
   130 | D        | Reached * piety under Okawaru
   130 | D        | Reached ** piety under Okawaru
   163 | D        | Noticed Sonja
   170 | D        | Killed Sonja
   170 | D        | Reached *** piety under Okawaru
   170 | D        | Reached skill level 13 in Unarmed Combat
   170 | D        | Reached XP level 7. HP: 66/66 MP: 3/6
   226 | D        | Found Couwumo's Jewellery Boutique.
   234 | D        | Bought an uncursed amulet of faith for 400 gold pieces
   234 | D        | Bought a +3 ring of evasion for 210 gold pieces
   248 | D        | Noticed a deep troll
   255 | D        | Killed a deep troll
   255 | D        | Reached **** piety under Okawaru
   255 | D        | Reached skill level 10 in Dodging
   255 | D        | Reached skill level 14 in Unarmed Combat
   255 | D        | Reached XP level 8. HP: 14/74 MP: 7/7
   281 | D        | Found Niurch's Armour Emporium.
   294 | D        | Bought a +0 large shield for 58 gold pieces
   318 | D        | Found a burning altar of Makhleb.
   318 | D        | Found a viscous altar of Jiyva.
   318 | D        | Found a shimmering altar of Xom.
   318 | D        | Found a corrupted altar of Lugonu.
   318 | D        | Noticed a slime creature
   327 | D        | Killed a slime creature
   327 | D        | Reached skill level 1 in Armour
   327 | D        | Reached skill level 1 in Shields
   349 | D        | Noticed a kobold demonologist
   351 | D        | Noticed a kobold demonologist
   359 | D        | Killed a kobold demonologist
   359 | D        | Reached ***** piety under Okawaru
   359 | D        | Reached skill level 15 in Unarmed Combat
   359 | D        | Reached XP level 9. HP: 83/83 MP: 8/8
   363 | D        | Killed a kobold demonologist
   403 | D        | Noticed a centaur warrior
   403 | D        | Noticed a centaur warrior
   410 | D        | Killed a centaur warrior
   410 | D        | Reached skill level 5 in Shields
   419 | D        | Killed a centaur warrior
   419 | D        | Reached skill level 5 in Fighting
   419 | D        | Reached skill level 16 in Unarmed Combat
   454 | D        | Noticed an oklob plant
   457 | D        | Killed an oklob plant
   457 | D        | Reached ****** piety under Okawaru
   457 | D        | Reached skill level 1 in Invocations
   457 | D        | Reached XP level 10. HP: 96/96 MP: 8/10
   481 | D        | Received a gift from Okawaru
   521 | D        | Killed an unseen horror
   523 | D        | Killed an unseen horror
   523 | D        | Reached skill level 5 in Invocations
   646 | D        | Received a gift from Okawaru
   691 | D        | Killed a gargoyle
   709 | D        | Found Kudapted's Antique Weapon Shoppe.
   709 | D        | Found Pacuyrph's Assorted Antiques.
   709 | D        | Found Izxeango's Gadget Boutique.
   711 | D        | Found Qawycwumo's Magic Scroll Emporium.
   711 | D        | Found Atuxas's Distillery.
   711 | D        | Found Haoll's Jewellery Shoppe.
   711 | D        | Found Veily's Weapon Boutique.
   711 | D        | Found Qefruimo's Jewellery Emporium.
   711 | D        | Found Gunwu's Jewellery Shop.
   711 | D        | Found Purhu's Assorted Antiques.
   713 | D        | Bought a scroll labeled DUBEOL ISCHICS for 26 gold pieces
   713 | D        | Bought a scroll labeled DUBEOL ISCHICS for 26 gold pieces
   714 | D        | Found Jirelina's Distillery.
   715 | D        | Found Kixajalu's Distillery.
   715 | D        | Found Kigeekim's Magic Scroll Boutique.
   716 | D        | Found Xum Juoch's Assorted Antiques.
   721 | D        | Bought a murky ruby potion for 19 gold pieces
   721 | D        | Bought a scroll labeled SOKHUXU FYAGH for 22 gold pieces
   721 | D        | Bought a fuming pink potion for 19 gold pieces
   721 | D        | Bought a scroll labeled DUBEOL ISCHICS for 22 gold pieces
   721 | D        | Bought a scroll labeled SOKHUXU FYAGH for 22 gold pieces
   725 | D        | Bought a scroll labeled HATUNAK SYWITER for 24 gold pieces
   725 | D        | Bought a scroll labeled DUBEOL ISCHICS for 24 gold pieces
   725 | D        | Bought a fuming pink potion for 21 gold pieces
   725 | D        | Bought a scroll labeled DUBEOL ISCHICS for 24 gold pieces
   725 | D        | Bought a scroll labeled SOKHUXU FYAGH for 24 gold pieces
   725 | D        | Bought a dark potion for 21 gold pieces
   725 | D        | Bought a fuming grey potion for 21 gold pieces
   725 | D        | Bought a scroll labeled DUBEOL ISCHICS for 24 gold pieces
   737 | D        | Bought a glowing cloak for 195 gold pieces
   749 | D        | Bought a scroll of magic mapping for 49 gold pieces
   749 | D        | Bought a scroll of identify for 28 gold pieces
   759 | D        | Bought a potion of haste for 120 gold pieces
   759 | D        | Bought a potion of curing for 36 gold pieces
   759 | D        | Bought a potion of heal wounds for 60 gold pieces
   759 | D        | Bought a potion of might for 48 gold pieces
   759 | D        | Bought a potion of curing for 36 gold pieces
   759 | D        | Bought a potion of curing for 36 gold pieces
   760 | D        | Bought a potion of curing for 30 gold pieces
   760 | D        | Bought a potion of heal wounds for 50 gold pieces
   906 | D        | Noticed a gargoyle
   918 | D        | Killed a gargoyle
   918 | D        | Reached XP level 11. HP: 105/105 MP: 14/14
   965 | D        | Killed a lorocyproca
   965 | D        | Reached skill level 17 in Unarmed Combat
  1079 | D        | Noticed a lindwurm
  1086 | D        | Killed a lindwurm
  1149 | D        | Received a gift from Okawaru
  1177 | D        | Noticed a 12-headed hydra
  1184 | D        | Noticed a daeva
  1194 | D        | Noticed an unseen horror
  1197 | D        | Killed an unseen horror
  1197 | D        | Received a gift from Okawaru
  1197 | D        | Reached skill level 1 in Throwing
  1197 | D        | Reached skill level 10 in Shields
  1201 | D        | Killed an unseen horror
  1202 | D        | Noticed an unseen horror
  1203 | D        | Noticed an unseen horror
  1206 | D        | Killed an unseen horror
  1210 | D        | Killed an unseen horror
  1210 | D        | Noticed an unseen horror
  1215 | D        | Killed an unseen horror
  1295 | D        | Noticed a fire giant
  1502 | D        | Reached skill level 18 in Unarmed Combat
  1507 | D        | Killed a 12-headed hydra
  1507 | D        | Reached skill level 5 in Throwing
  1781 | D        | Noticed a shadow dragon
  1781 | D        | Noticed a golden dragon
  1865 | D        | Noticed a deep elf annihilator
  1872 | D        | Received a gift from Okawaru
  1960 | D        | Killed a golden dragon
  1960 | D        | Received a gift from Okawaru
  1960 | D        | Reached XP level 12. HP: 43/122 MP: 8/15
  1965 | D        | Killed a shadow dragon
  2057 | D        | Found Hecolux's Jewellery Shoppe.
  2073 | D        | Bought an uncursed ring of protection from fire for 250
                  | gold pieces
  2204 | D        | Killed a deep elf annihilator
  2216 | D        | Noticed a mummy priest
  2241 | D        | Noticed Lom Lobon
  2254 | D        | HP: 1/122 [Lom Lobon/great icy blast (65)]
  2283 | D        | Killed from afar by Lom Lobon

Levels and vault maps discovered:
D:        dungeon_sprint_1 [red_sonja_temple_1, red_sonja_temple_small_1]

Skill      XL: |  1  2  3  4  5  6  7  8  9 10 11 |
---------------+----------------------------------+-----
Unarmed Combat | 6 9 11 13 14 15 16 18 | 18.4
Dodging        | 5 9 10 12 | 12.2
Armour         | 2 4 |  4.4
Shields        | 3 7 8 11 | 11.9
Fighting       | 3 5 6 8 |  8.8
Invocations    | 1 6 |  6.1
Stealth        | 4 |  4.4
Throwing       | 7 |  7.9

Action                   |  1- 3 |  4- 6 |  7- 9 | 10-12 || total
-------------------------+-------+-------+-------+-------++-------
Melee: Unarmed           |    19 |    13 |    42 |   183 ||   257
       Punch             |     1 |     3 |     2 |       ||     6
Throw: Stone             |       |       |       |     3 ||     3
       Javelin           |       |       |       |     6 ||     6
       Large rock        |       |       |       |     3 ||     3
Invok: Heroism           |       |     1 |     1 |     4 ||     6
       Finesse           |       |       |       |     2 ||     2
Evoke: Wand              |       |       |       |     3 ||     3
  Use: Scroll            |       |       |       |    11 ||    11
 Stab: Sleeping          |     1 |     1 |       |     3 ||     5
  Eat: Chunk             |       |     7 |     2 |     8 ||    17
Armor: Robe              |     1 |     1 |     1 |       ||     3
       Troll leather arm |       |       |     4 |    66 ||    70
Dodge: Dodged            |     3 |     1 |    13 |   102 ||   119
Block: Large shield      |       |       |    14 |   130 ||   144
